 Dungeon Crawl Stone Soup version 0.27-a0-1149-g4505690ab0 (webtiles) character file.

Game seed: 8956376067850460346

319 leviel the Chopper (level 6, -2/56 HPs)
             Began as a Minotaur Fighter on May 14, 2021.
             Slain by a phantom (4 damage)
             ... on level 4 of the Dungeon.
             The game lasted 00:03:50 (3577 turns).

leviel the Chopper (Minotaur Fighter)               Turns: 3577, Time: 00:03:51

Health: -2/56      AC:  6    Str: 22    XL:     6   Next: 21%
Magic:  5/5        EV:  7    Int:  5    God:
Gold:   208        SH:  9    Dex: 10    Spells: 5/5 levels left

rFire    . . .     SeeInvis .   a - +1 war axe
rCold    . . .     Faith    .   c - +0 kite shield
rNeg     . . .     Spirit   .   b - +0 scale mail
rPois    .         Reflect  .   (helmet restricted)
rElec    .         Harm     .   h - scarf {shadows}
rCorr    .         Rampage  .   (no gloves)
Will     .....                  (no boots)
Stlth    ..........             (no amulet)
HPRegen  0.18/turn              (no ring)
MPRegen  0.09/turn              (no ring)

@: no status effects
A: horns 2, retaliatory headbutt
a: no special abilities


You were on level 4 of the Dungeon.
You visited 1 branch of the dungeon, and saw 5 of its levels.
You also visited: Sewer.

You collected 208 gold pieces.

Inventory:

Hand Weapons
 a - a +1 war axe (weapon)
Missiles
 j - a curare-tipped dart (quivered)
Armour
 b - a +0 scale mail (worn)
 c - a +0 kite shield (worn)
 h - a scarf of shadows (worn)
Wands
 m - a wand of flame (16)
Scrolls
 g - 3 scrolls of teleportation
 i - 5 scrolls of blinking
 n - a scroll of torment {unknown}
 o - a scroll of enchant weapon
 p - a scroll of magic mapping {unknown}
Potions
 d - 2 potions of might
 e - 4 potions of flight {unknown}
 f - a potion of ambrosia {unknown}
 k - 3 potions of curing {unknown}
 l - 4 potions of haste {unknown}
 q - a potion of resistance {unknown}
 r - 2 potions of heal wounds {unknown}


   Skills:
 + Level 5.6 Fighting
 * Level 6.7 Axes
 - Level 3.6 Armour
 - Level 3.6 Shields


You had 5 spell levels left.
You didn't know any spells.
Your spell library was empty.

Dungeon Overview and Level Annotations

Branches:
Dungeon (5/15)              Sewer (visited)
 Temple: D:4-7

Altars:
Ashenzari
Cheibriados
Dithmenos
Fedhas
Kikubaaqudgha
Makhleb
Vehumet
Zin


Innate Abilities, Weirdness & Mutations

You have a pair of horns on your head.
You reflexively headbutt those who attack you in melee.


Message History

An orc comes into view. It is wielding a +0 hand axe.
The phantom barely misses you.
You barely miss the phantom.
The orc shouts!
The phantom hits you!
The phantom blinks!
You blink.
An orc comes into view. It is wielding a +0 whip.
The orc priest invokes the aid of Beogh against you.
Beogh smites you!
An iguana comes into view.
The phantom hits you.
The phantom blinks!
You blink.
The orc moves out of view.
The iguana moves out of view.
Found a scroll of identify.
Found a stone staircase leading down.
You block the phantom's attack.
The orc priest begins to cast a cantrip, but forgets the words!
The phantom barely misses you. You furiously retaliate!
You headbutt the phantom!
The orc priest hits you with a +0 dagger.
The orc wizard gestures at you while chanting.
The puff of flame hits you but does no damage.
There is a stone staircase leading up here.
The orc priest hits you but does no damage.
The orc wizard gestures at you while chanting.
The magic dart hits you! The phantom hits you.
* * * LOW HITPOINT WARNING * * *
You climb upwards.
There is a stone staircase leading down here.
You closely miss the orc priest. You closely miss the phantom.
You block the orc priest's attack. The phantom hits you.
* * * LOW HITPOINT WARNING * * *
Unknown command.
You closely miss the orc priest. You closely miss the phantom.
The orc priest calls down the wrath of Beogh upon you.
Beogh smites you!
* * * LOW HITPOINT WARNING * * *
You block the phantom's attack.
The orc priest miscasts a cantrip.
You hit the orc priest.
The orc priest is moderately wounded.
You closely miss the phantom. The phantom hits you.
You die...

....# #...#).......)..#
....# #.#.#...........#
....#######.#..#'##########
..........#.##.#.#
#########.#.##...#
#.#.###..# #.#.# #..#
#.#.####W# #.#.....@###
#.###..o...# #...)......#
#####......# #.#######
#.......# #######.##
#.......# #.#..#..#
########


You could see a phantom and an orc priest.

Vanquished Creatures
  A kobold brigand (Sewer)
  A scorpion (D:4)
  A hound (D:4)
  Jessica (D:3)
  2 adders (D:3)
  A river rat (Sewer)
  2 ufetubi (D:4)
  2 worms
  A dart slug (D:1)
  An orc (D:3)
  9 endoplasms
  4 giant cockroaches
  2 hobgoblins (D:2)
  11 jackals
  16 kobolds
  4 quokkas
  4 ball pythons
  5 bats
  3 frilled lizards
  4 goblins
  12 rats
87 creatures vanquished.

Notes
Turn   | Place    | Note
-------+----------+-------------------------------------------
     0 | D:1      | leviel the Minotaur Fighter began the quest for the Orb.
     0 | D:1      | Reached XP level 1. HP: 19/19 MP: 0/0
   460 | D:1      | Reached skill level 3 in Axes
   481 | D:1      | Reached XP level 2. HP: 27/27 MP: 1/1
   757 | D:1      | Reached XP level 3. HP: 28/33 MP: 2/2
  1188 | D:2      | Reached skill level 4 in Axes
  1800 | D:2      | Found an ancient bone altar of Kikubaaqudgha.
  1999 | D:3      | Reached XP level 4. HP: 41/41 MP: 3/3
  2029 | D:3      | Noticed Jessica
  2040 | D:3      | Killed Jessica
  2041 | D:3      | Reached skill level 5 in Axes
  2061 | D:3      | Found a glowing drain.
  2076 | Sewer    | Entered a sewer
  2239 | Sewer    | Noticed a kobold brigand
  2250 | Sewer    | Killed a kobold brigand
  2251 | Sewer    | Reached skill level 5 in Fighting
  2251 | Sewer    | Reached XP level 5. HP: 38/48 MP: 4/4
  2342 | Sewer    | Found a white marble altar of Elyvilon.
  2437 | D:3      | Found a faded altar of an unknown god.
  2462 | D:3      | Found a snail-covered altar of Cheibriados.
  2468 | D:3      | Found a glowing silver altar of Zin.
  2573 | D:3      | Reached skill level 6 in Axes
  2670 | D:3      | Found a shadowy altar of Dithmenos.
  2671 | D:3      | Found a burning altar of Makhleb.
  2731 | D:3      | Found a broken altar of Ashenzari.
  2734 | D:3      | Found a radiant altar of Vehumet.
  2737 | D:3      | Found a blossoming altar of Fedhas.
  2914 | D:4      | Reached XP level 6. HP: 52/56 MP: 5/5
  3561 | D:5      | Entered Level 5 of the Dungeon
  3576 | D:4      | HP: 2/56 [orc priest/divine providence (11)]
  3577 | D:4      | Slain by a phantom

Illustrated notes

Levels and vault maps discovered:
D:1:      arrival_zaba_pyramid, layout_basic, patterned_corridor
D:2:      layout_rooms, basic_altar
D:3:      layout_rooms, minitemple, grunt_temple_overflow_diamond,
          ebering_ecumenical_altar_ruins, cheibrodos_sewer_entry_sluice,
          uniq_jessica
D:4:      layout_basic
D:5:      layout_cave_pools, grunt_ministairs_10

Skill      XL: |  1  2  3  4  5 |
---------------+----------------+-----
Axes           | 3 4 5 6 |  6.7
Fighting       | 4 5 |  5.6
Armour         | |  3.6
Shields        | |  3.6

Action                   |  1- 3 |  4- 6 || total
-------------------------+-------+-------++-------
Melee: War axe           |    99 |    81 ||   180
       Headbutt          |    17 |     9 ||    26
  Use: Scroll            |       |     5 ||     5
Armor: Scale mail        |    41 |    35 ||    76
Dodge: Dodged            |    41 |    26 ||    67
Block: Kite shield       |    65 |    52 ||   117

Table legend: (Time is in decaauts)
 A = Elapsed time spent in this place.
 B = Non-inter-level travel time spent in this place.
 C = Inter-level travel time spent in this place.
 D = Time resting spent in this place.
 E = Time spent auto-exploring this place.
 F = Levels seen in this place.
 G = Mean time per level.
                   A        B        C        D        E       F      G
               +--------+--------+--------+--------+--------+-----+--------+
         Total |   3694 |   3491 |    203 |      0 |   2984 |   6 |  615.7 |
       Dungeon |   3347 |   3144 |    203 |      0 |   2704 |   5 |  669.4 |
         Sewer |    347 |    347 |      0 |      0 |    279 |   1 |  347.0 |
               +--------+--------+--------+--------+--------+-----+--------+

Top non-repeatable levels by time:
     D:1: 1210 daAuts
     D:2: 739 daAuts
     D:4: 738 daAuts
     D:3: 642 daAuts
   Sewer: 347 daAuts
     D:5: 14 daAuts
